 Dungeon Crawl Stone Soup version 0.18.1-5-g4a78601 (webtiles) character file.

69 Chiseanne the Magician (level 4, 27/30 HPs)
             Began as a Demonspawn Wizard on May 14, 2016.
             Quit the game on level 2 of the Dungeon.
             The game lasted 00:03:47 (2009 turns).

Chiseanne the Magician (Demonspawn Wizard)          Turns: 2009, Time: 00:03:47

Health: 27/30      AC:  8    Str:  7    XL:     4   Next: 2%
Magic:  0/10       EV: 12    Int: 20    God:
Gold:   146        SH:  0    Dex: 12    Spells: 4 memorised, 3 levels left

rFire  . . .     SeeInvis .     a - +1 dagger
rCold  . . .     Gourm    .     g - +0 robe
rNeg   . . .     Faith    .     (no shield)
rPois  .         Spirit   .     b - +1 hat
rElec  .         Dismiss  .     n - +0 cloak
rCorr  .         Reflect  .     (no gloves)
SustAt .         Harm     .     (no boots)
MR     .....                    j - amulet of regeneration
Stlth  ++........               (no ring)
                                (no ring)

@: mildly poisoned (27 -> 26), very slightly contaminated, repel missiles, not
resistant to hostile enchantments, unstealthy
A: hooves 1, iridescent scales 1, rot immunity
a: no special abilities


You were on level 2 of the Dungeon.
You were not hungry.

You visited 1 branch of the dungeon, and saw 2 of its levels.

You collected 146 gold pieces.

Inventory:

Hand Weapons
 a - a +1 dagger (weapon)
Missiles
 h - 27 stones (quivered)
 l - 17 arrows
Armour
 b - a +1 hat (worn)
 g - a +0 robe (worn)
 n - a +0 cloak (worn)
Jewellery
 j - an amulet of regeneration (around neck)
Scrolls
 k - a scroll of fog {unknown}
 o - a scroll of recharging {unknown}
 p - a scroll of blinking {unknown}
Potions
 e - a potion of cure mutation {unknown}
 i - a potion of curing {unknown}
 m - a potion of flight {unknown}
Books
 c - a book of Minor Magic

   Spells                             Type                      Level
   a - Magic Dart                     Conjuration                  1
   b - Blink                          Translocation                2
   c - Call Imp                       Summoning                    2
   d - Repel Missiles                 Charms/Air                   2
   e - Slow                           Hexes                        2
   f - Conjure Flame                  Conjuration/Fire             3
   g - Mephitic Cloud                 Conjuration/Poison/Air       3
Comestibles
 d - 2 bread rations
 q - a meat ration


   Skills:
 - Level 1.7 Dodging
 - Level 1.7 Stealth
 * Level 4.0 Spellcasting
 * Level 2.6 Conjurations
   Level 1.0 Summonings
 - Level 0.8 Translocations


You had 3 spell levels left.
You knew the following spells:

 Your Spells              Type           Power        Failure   Level  Hunger
a - Magic Dart            Conj           ##..         4%          1    None
b - Blink                 Tloc           N/A          17%         2    #......
c - Repel Missiles        Chrm/Air       #.....       21%         2    #......
d - Mephitic Cloud        Conj/Pois/Air  #.......     30%         3    ###....


Dungeon Overview and Level Annotations

Branches:
Dungeon (2/15)

Altars:
Xom


Innate Abilities, Weirdness & Mutations

You have large cloven feet.
You are partially covered in iridescent scales (AC +4).
You are immune to rotting.


Message History

Press: ? - help, Shift-Dir - straight line, f/p - adder
Aim: an adder (almost dead)
You miscast Magic Dart.
You are very lightly contaminated with residual magic.
Strange energies run through your body. The adder bites you.
You are poisoned.
The adder poisons you! The adder bites you but does no damage.
Casting: Magic Dart
Confirm with . or Enter, or press ? or * to list all spells.
Aiming: Magic Dart
Press: ? - help, Shift-Dir - straight line, f/p - adder
Aim: an adder (almost dead)
The magic dart hits the adder.
You kill the adder!
Your Spellcasting skill increases to level 4!
You have reached level 4!
You feel agile.
Your demonic ancestry asserts itself...
Your feet thicken and deform.
You feel sick.
Are you sure you want to abandon this character and quit the game? (Confirm with "yes".)

#. ##.(...# #.
.#......# ###.
.........
#####...
......#(#
#.......
#w...#..
#.###### ....#
.## ##.# ###
#..# ..#
#..######
.#.#.#†@###.##
#....'_+.
......)....>.#
#..###'##
...#.######..#
#..# #.# . #
#..###..###.##
#...##........
#.#.##..#####.
#...###.# ##
##..##..#
.#######....÷.#
##


You could see a worm.

Vanquished Creatures
  An adder (D:2)
  A gnoll (D:1)
  An ooze (D:2)
  2 dart slugs
  4 giant geckos
  A bat (D:1)
  6 hobgoblins
  A quokka (D:2)
  4 giant newts (D:1)
  4 goblins
  9 kobolds
  4 rats
38 creatures vanquished.

Notes
Turn   | Place    | Note
--------------------------------------------------------------
     0 | D:1      | Chiseanne the Demonspawn Wizard began the quest for the Orb.
     0 | D:1      | Reached XP level 1. HP: 13/13 MP: 4/4
   227 | D:1      | Gained mutation: You are partially covered in iridescent scales (AC +4). [demonic ancestry]
   227 | D:1      | Reached XP level 2. HP: 10/19 MP: 1/6
   555 | D:1      | Learned a level 2 spell: Blink
   558 | D:1      | Learned a level 2 spell: Repel Missiles
   688 | D:1      | Gained mutation: You are immune to rotting. [demonic ancestry]
   688 | D:1      | Reached XP level 3. HP: 24/24 MP: 1/8
  1554 | D:2      | Learned a level 3 spell: Mephitic Cloud
  1580 | D:2      | Found a shimmering altar of Xom.
  2008 | D:2      | Reached skill level 4 in Spellcasting
  2008 | D:2      | Gained mutation: You have large cloven feet. [demonic ancestry]
  2008 | D:2      | Reached XP level 4. HP: 27/30 MP: 0/10
  2009 | D:2      | Quit the game

Skill      XL: |  1  2  3 |
---------------+----------+-----
Conjurations   | 2 |  2.6
Spellcasting   | 4 |  4.0
Dodging        | |  1.7
Stealth        | |  1.7
Summonings     | |  1.0
Translocations | |  0.8

Action                   |  1- 3 |  4- 6 || total
-------------------------+-------+-------++-------
Melee: Dagger            |     8 |       ||     8
 Cast: Magic Dart        |    98 |     1 ||    99
       Repel Missiles    |     1 |       ||     1
  Use: Scroll            |     3 |       ||     3
 Stab: Sleeping          |     1 |       ||     1
  Eat: Chunk             |     3 |       ||     3
Armor: Robe              |     5 |       ||     5
Dodge: Dodged            |    19 |       ||    19
       Deflected         |     1 |       ||     1
